Map: Abyssal Reef LE

Players

Eäril

  • Race: Protoss Protoss
  • League: Diamond
  • Spawn Location: 11:00

A.I. 1 (Very Easy) - Winner!

  • Race: Protoss Protoss
  • Spawn Location: 5:00

VOD

Have the link to the VOD?

Description

Time

  • Played on: June 10, 2017, 5:15 p.m.
  • Length: 7:17
Show
View Real Time Build Order
Export as new Build Order

Eäril Protoss 

Build Orders: 1 Gate Expand, Oracle Opening, Phoenix Opening 

Get SALT Encoding   

  12  0:01  Probe (Chrono Boost)  
  13  0:11  Probe (Chrono Boost)  
  14  0:18  Pylon  
  14  0:22  Probe (Chrono Boost)  
  15  0:36  Probe (Chrono Boost)  
  15  0:37  Gateway  
  16  0:47  Probe (Chrono Boost), Assimilator  
  17  0:57  Probe (Chrono Boost)  
  18  1:08  Probe (Chrono Boost)  
  19  1:20  Nexus  
  19  1:24  Probe (Chrono Boost)  
  20  1:34  Cybernetics Core  
  20  1:37  Probe (Chrono Boost)  
  21  1:43  Assimilator  
  21  1:47  Probe (Chrono Boost)  
  22  1:55  Pylon  
  22  1:58  Probe (Chrono Boost)  
  23  2:11  Warp Gate  
  23  2:13  Probe (Chrono Boost), Adept  
  26  2:23  Probe (Chrono Boost)  
  27  2:32  Probe (Chrono Boost)  
  27  2:34  Probe (Chrono Boost)  
  29  2:40  Adept  
  29  2:43  Probe (Chrono Boost)  
  32  2:44  Probe (Chrono Boost)  
  32  2:45  Stargate  
  32  2:50  Pylon  
  33  2:53  Probe (Chrono Boost)  
  33  2:55  Probe (Chrono Boost)  
  35  3:04  Probe (Chrono Boost)  
  37  3:05  Probe (Chrono Boost)  
  37  3:07  Adept  
  39  3:14  Probe (Chrono Boost)  
  39  3:16  Probe (Chrono Boost)  
  41  3:21  Pylon  
  41  3:24  Oracle  
  41  3:25  Probe (Chrono Boost)  
  43  3:28  Probe (Chrono Boost)  
  46  3:34  Adept  
  46  3:36  Mothership Core (Chrono Boost)  
  51  3:41  Probe (Chrono Boost)  
  51  3:51  Pylon  
  51  3:52  Pylon  
  51  3:53  Probe (Chrono Boost)  
  51  3:54  Probe (Chrono Boost)  
  53  3:56  Phoenix  
  55  4:08  Probe x2 (Chrono Boost)  
  57  4:12  Nexus  
  57  4:14  Pylon  
  57  4:18  Probe (Chrono Boost)  
  57  4:20  Probe (Chrono Boost), Phoenix  
  61  4:28  Assimilator  
  61  4:29  Probe (Chrono Boost)  
  61  4:30  Assimilator  
  62  4:37  Forge, Twilight Council  
  63  4:40  Probe x2 (Chrono Boost)  
  63  4:44  Phoenix  
  64  4:51  Probe (Chrono Boost)  
  64  4:52  Probe (Chrono Boost)  
  68  5:00  Gateway  
  68  5:01  Protoss Ground Weapons Level 1  
  68  5:02  Probe (Chrono Boost)  
  68  5:03  Resonating Glaives  
  68  5:04  Probe (Chrono Boost), Gateway  
  70  5:07  Pylon  
  70  5:12  Probe (Chrono Boost)  
  71  5:16  Probe (Chrono Boost)  
  72  5:21  Robotics Facility  
  72  5:23  Probe (Chrono Boost)  
  73  5:29  Probe (Chrono Boost)  
  73  5:30  Probe (Chrono Boost)  
  76  5:36  Probe (Chrono Boost)  
  76  5:40  Probe (Chrono Boost)  
  78  5:42  Probe (Chrono Boost)  
  78  5:46  Phoenix  
  78  5:48  Probe (Chrono Boost)  
  81  5:50  Probe (Chrono Boost)  
  81  5:55  Probe (Chrono Boost)  
  83  5:58  Gateway  
  83  6:00  Gateway  
  83  6:04  Gateway x2  
  83  6:06  Gateway  
  83  6:10  Probe (Chrono Boost)  
  83  6:11  Probe x2 (Chrono Boost)  
  86  6:17  Phoenix  
  86  6:18  Gateway x2  
  88  6:21  Probe (Chrono Boost)  
  88  6:24  Assimilator  
  89  6:27  Pylon x2  
  89  6:28  Assimilator  
  89  6:33  Adept x3  
  89  6:39  Pylon  
  95  6:40  Pylon  
  95  6:46  Phoenix  
  101  6:47  Probe (Chrono Boost)  
  101  6:48  Probe x2 (Chrono Boost)  
  101  6:54  Pylon  
  102  6:57  Pylon  
  102  6:58  Pylon  
Show
View Real Time Build Order
Export as new Build Order

A.I. 1 (Very Easy) Protoss - Winner!

Build Orders:  

Get SALT Encoding   

  12  0:01  Probe (Chrono Boost)  
  13  0:11  Probe (Chrono Boost)  
  14  0:20  Pylon  
  14  0:36  Assimilator  
  14  0:43  Gateway  
  14  0:47  Pylon  
  14  1:13  Assimilator  
  14  1:22  Probe (Chrono Boost)  
  16  1:32  Probe (Chrono Boost)  
  16  1:34  Cybernetics Core  
  16  1:43  Probe (Chrono Boost)  
  17  1:54  Probe (Chrono Boost)  
  18  1:58  Warp Gate  
  18  2:05  Probe (Chrono Boost)  
  19  2:09  Stalker  
  22  2:16  Probe (Chrono Boost)  
  22  5:41  Zealot  
  24  5:43  Pylon  
  24  5:45  Probe (Chrono Boost)  
  24  5:46  Robotics Facility  
  25  5:53  Nexus  
  25  5:56  Probe (Chrono Boost)  
  26  6:07  Probe (Chrono Boost)  
  27  6:17  Probe (Chrono Boost)  
  26  6:23  Pylon  
  26  6:28  Probe (Chrono Boost)  
  26  6:32  Observer  
  27  6:37  Zealot  
  30  6:51  Observer  
  32  7:14  Assimilator  
  33  7:16  Assimilator  
Tags
 
Add a new tag
Caveats
  • Supply blocks, unpowered buildings, or Contaminate may cause inaccurate times.
  • Supply counts are checked every 10 seconds.